Unix NetHack Version 5.0.0-0 post-release - last build May  4 2026 22:22:43 (774f63e81ad911689b3a0859ea89b322d5daca8d,branch:main).

Game began 2026-05-08 08:00:13, ended 2026-05-08 09:19:58.

246786432, chaotic female human Barbarian

                                      -----
                                       ...
                                        .
                                        .
                                        .
                                       ###
                                        #               #
                                        #               ##o##)
                                        #                @
                                        #                #     #
                                        #        --------#     #    ----+--+-
                                        #        |.....%.####*%#####-.......|
                                        #######*#.......|#       #  |....q..|
                       +                %       #|......-#       #  |..<....|
                       |......     ......-  #####--------        ###........|
                       |           |>.....###                       |.......|
                                   |.....|                          |.......|
                                   -------                          ---------

246786432 the Pillager     St:18 Dx:18 Co:18 In:7 Wi:7 Ch:7  Chaotic
Dlvl:5  $:41 HP:0(64) Pw:7(7) AC:9  Xp:5 T:2543 

Latest messages:
 The hill orc thrusts his orcish dagger.
 The hill orc hits!
 What do you want to throw? [$motB or ?*] ?
 In what direction? 6
 The orcish dagger hits the hill orc.
 The hill orc thrusts his orcish dagger.
 The hill orc hits!
 What do you want to throw? [$mtB or ?*] ?
 In what direction? 6
 You kill the hill orc!
 There are several objects here.
 The hill orc hits!
 B - a dagger (at the ready).
 G - an orcish dagger.
 o - an orcish dagger.
 b - a +0 axe.
 a - a +0 two-handed sword.
 You have a little trouble lifting an orcish helm.  Continue? [ynq] (q) q
 The hill orc hits!
 What do you want to throw? [$abmotBG or ?*] b
 In what direction? 6
 The axe misses the hill orc.
 The hill orc hits!
 What do you want to throw? [$amotBG or ?*] a
 In what direction? 6
 The two-handed sword hits the hill orc.
 The hill orc hits!
 What do you want to throw? [$motBG or ?*] ?
 In what direction? 6
 The orcish dagger hits the hill orc.
 The hill orc hits!
 What do you want to throw? [$mtBG or ?*] ?
 In what direction? 6
 The dagger hits the hill orc.
 The hill orc picks up an orcish helm.
 You see here a red mold corpse.
 The hill orc hits!
 The giant bat bites!
 The giant bat bites!
 The giant bat bites!
 The giant bat bites!
 The giant bat bites!
 The giant bat bites!
 The hill orc hits!
 You die...
 Do you want your possessions identified? [ynq] (y) y
 Do you want to see your attributes? [ynq] (y) y
 Do you want an account of creatures vanquished? [ynaq] (y) y
 Do you want to see your conduct and achievements? [ynq] (y) y
 Do you want to see the dungeon overview? [ynq] (y) y

Inventory:
 Coins    ('$')
  $ - 41 gold pieces
 Amulets  ('"')
  h - an uncursed amulet versus poison
 Weapons  (')')
  t - 10 cursed +0 arrows
  m - 10 +0 crossbow bolts (wielded)
  G - a +0 orcish dagger
 Armor    ('[')
  z - an uncursed +0 orcish helm
  D - a blessed +0 pair of iron shoes
  w - an uncursed rusty +0 pair of iron shoes
  E - an uncursed +0 dwarvish cloak
  C - an uncursed fireproof +0 mummy wrapping
  c - an uncursed very rusty +0 ring mail (being worn)
 Comestibles  ('%')
  d - 3 uncursed food rations
 Scrolls  ('?')
  s - an uncursed scroll of create monster
  g - an uncursed scroll of enchant weapon
  j - an uncursed scroll of magic mapping
  k - an uncursed scroll of remove curse
 Wands    ('/')
  F - a wand of create monster (0:15)
 Tools    ('(')
  u - an uncursed leash
  l - a magic marker (0:68)
  x - a +0 pick-axe
 Gems/Stones  ('*')
  i - an uncursed worthless piece of red glass
  v - 2 uncursed worthless pieces of yellow glass
  n - 2 uncursed worthless pieces of yellowish brown glass
  f - an uncursed touchstone
  y - 6 uncursed rocks

246786432 the Barbarian's attributes:

Background:
 You were a Pillager, a level 5 female human Barbarian.
 You were chaotic, nominally on a mission for Set
 who was opposed by Mitra (lawful) and Crom (neutral).
 You were right-handed.
 You were in the Dungeons of Doom, on level 5.
 You entered the dungeon 2543 turns ago.
 You had 246 experience points, 74 more were needed to attain level 6.

Basics:
 You had 0 out of 64 hit points.
 You had all 7 energy points (spell power).
 Your armor class was 9.
 Your wallet contained 41 zorkmids.
 Autopickup was off.

Final Characteristics:
 Your strength was 18 (limit:18/100).
 Your dexterity was 18 (limit:18).
 Your constitution was 18 (limit:18).
 Your intelligence was 7 (limit:18).
 Your wisdom was 7 (limit:18).
 Your charisma was 7 (limit:18).

Final Status:
 You weren't hungry.
 You were unencumbered.
 You were wielding bolts.

Final Attributes:
 You were piously aligned.
 You were poison resistant.
 You aggravated monsters.
 You were warded.
 You are dead.

Miscellaneous:
 You didn't encounter any bones levels.
 Total elapsed playing time was 45 minutes and 50 seconds.

Major events:
 Turn
    1: 246786432 the chaotic female human Barbarian entered the dungeon
  828: attained the rank of Pillager (level 3)
 2543: killed by a hill orc

You didn't know any spells.

Skills:
 Fighting Skills
   bare handed combat [Basic]
   two weapon combat  [Unskilled]
   riding             [Unskilled]
 Weapon Skills
   dagger             [Unskilled]
   axe                [Basic]
   pick-axe           [Unskilled]
   short sword        [Unskilled]
   broadsword         [Unskilled]
   long sword         [Unskilled]
   two-handed sword   [Basic]
   saber              [Unskilled]
   club               [Unskilled]
   mace               [Unskilled]
   morning star       [Unskilled]
   flail              [Unskilled]
   hammer             [Unskilled]
   quarterstaff       [Unskilled]
   spear              [Unskilled]
   trident            [Unskilled]
   bow                [Unskilled]
 Spellcasting Skills
   attack spells      [Unskilled]
   escape spells      [Unskilled]

Voluntary challenges:
 Character rerolling was not enabled.
 You were an atheist.
 You were illiterate.
 You never genocided any monsters.
 You never polymorphed an object.
 You never changed form.
 You used no wishes.
Achievements:
 You entered a shop.
 You attained the rank of Pillager.

 The Dungeons of Doom: levels 1 to 5
    Level 1:
       A sink.
    Level 2:
       A general store, a fountain.
    Level 3:
    Level 4:
    Level 5: <- You were here.
       Final resting place for
          you, killed by a hill orc.


Vanquished creatures:
  a kobold mummy
  a gray ooze
  2 dwarves
  a kobold leader
  2 hill orcs
  5 rothes
  4 giant bats
  a werejackal
 an iguana
  2 gas spores
  2 manes
  a large kobold
  a hobgoblin
  a red mold
  2 garter snakes
  a gecko
  6 jackals
  a fox
  a kobold
  a goblin
  2 sewer rats
  3 grid bugs
  2 bats
  3 lichens
  a kobold zombie
  2 newts
50 creatures vanquished.

No species were genocided or became extinct.

Game over:
                       ----------
                      /          \
                     /    REST    \
                    /      IN      \
                   /     PEACE      \
                  /                  \
                  |    246786432     |
                  |      41 Au       |
                  | killed by a hill |
                  |       orc        |
                  |                  |
                  |                  |
                  |       2026       |
                 *|     *  *  *      | *
        _________)/\\_//(\/(/\)/\//\/|_)_______

Goodbye 246786432 the Barbarian...

You died in The Dungeons of Doom on dungeon level 5 with 1221 points,
and 41 pieces of gold, after 2543 moves.
You were level 5 with a maximum of 64 hit points when you died.

